 Dungeon Crawl Stone Soup version 0.31-a0-430-gf8416d752b (webtiles) character file.

Game seed: 15051054515728969479

7371 Bnni the Carver (level 10, -8/94 HPs)
             Began as a Minotaur Fighter on July 31, 2023.
             Was a Priest of Elyvilon.
             Mangled by a tentacled starspawn (33 damage)
             ... on level 1 of the Abyss.
             The game lasted 00:25:57 (9109 turns).

Bnni the Carver (Minotaur Fighter)                  Turns: 9109, Time: 00:25:58

Health: -8/94      AC: 10    Str: 21      XL:     10   Next: 91%
Magic:  14/14      EV: 10    Int:  2 (5)  God:    Elyvilon [***...]
Gold:   330        SH: 10    Dex: 14      Spells: 9/9 levels left

rFire   . . .        a - +0 long sword
rCold   + . .        c - +0 buckler
rNeg    . . .        w - +0 swamp dragon scales
rPois   +            s - +0 hat
rElec   .            (no cloak)
rCorr   +            (no gloves)
SInv    .            F - +1 pair of boots
Will    .....        q - amulet of reflection
Stlth   +            l - ring of protection from cold
HPRegen 0.35/turn    m - ring of resist corrosion
MPRegen 0.14/turn

%: reflection
@: mighty
A: horns 2, retaliatory headbutt
a: Renounce Religion, Purification, Heal Other, Heal Self


You were on level 1 of the Abyss.
You worshipped Elyvilon.
Elyvilon was most pleased with you.
You visited 2 branches of the dungeon, and saw 9 of its levels.
You visited the Abyss 1 time.
You also visited: Bailey.

You collected 453 gold pieces.
You spent 123 gold pieces at shops.

Inventory:

Hand Weapons
 a - a +0 long sword (weapon)
 j - a +1 dagger of venom
Missiles
 B - 2 poisoned darts
Armour
 c - a +0 buckler (worn)
 s - a +0 hat (worn)
 w - +0 swamp dragon scales (worn)
 F - a +1 pair of boots (worn)
Jewellery
 b - a ring of positive energy
 l - a ring of protection from cold (left hand)
 m - a ring of resist corrosion (right hand)
 q - an amulet of reflection (around neck)
Wands
 o - a wand of charming (11)
 G - a wand of roots (4)
Scrolls
 e - 2 scrolls of revelation
 g - a scroll of silence {unknown}
 i - a scroll of teleportation
 k - 2 scrolls of fog
 n - a scroll of blinking
 p - 2 scrolls of vulnerability {unknown}
 r - a scroll of enchant weapon {unknown}
 t - a scroll of amnesia {unknown}
 v - 2 scrolls of brand weapon {unknown}
 y - a scroll of enchant armour
Potions
 f - 7 potions of curing
 h - 2 potions of brilliance {unknown}
 u - 2 potions of mutation {unknown}
 x - 6 potions of heal wounds
 z - a potion of attraction {unknown}
 A - 2 potions of enlightenment {unknown}
 C - 2 potions of magic {unknown}
 D - 5 potions of haste {unknown}
 E - 2 potions of resistance {unknown}


   Skills:
 + Level 10.9 Fighting
 * Level 14.4 Long Blades
 - Level 3.6 Armour
 - Level 5.0 Shields
 + Level 7.4 Invocations


You had 9 spell levels left.
You didn't know any spells.
Your spell library contained the following spells:

 Spells                   Type           Power      Damage    Failure   Level
 Sandblast                Erth           0%         2d4       78%         1
 Summon Small Mammal      Summ           0%         N/A       78%         1
 Passwall                 Tmut/Erth      0%         N/A       89%         2
 Call Canine Familiar     Summ           0%         N/A       98%         3
 Dazzling Flash           Conj/Hex       0%         N/A       98%         3
 Stone Arrow              Conj/Erth      0%         3d7       98%         3
 Summon Guardian Golem    Hex/Summ       0%         N/A       98%         3
 Volatile Blastmotes      Fire/Tloc      0%         2d10      98%         3
 Passage of Golubria      Tloc           0%         N/A       100%        4
 Silence                  Hex/Air        0%         N/A       100%        5
 Starburst                Conj/Fire      0%         6d3       100%        6
 Lehudib's Crystal Spear  Conj/Erth      0%         10d2      100%        8
 Maxwell's Capacitive Co  Air            0%         ∞         100%        8


Dungeon Overview and Level Annotations

Branches:
Dungeon (8/15)             Temple (1/1) D:5          Bailey (visited)
   Lair: D:8-11

Altars:
Ashenzari
Cheibriados
Dithmenos
Elyvilon
Fedhas
Gozag
Hepliaklqana
Kikubaaqudgha
Makhleb
Nemelex Xobeh
Okawaru
Qazlal
Ru
Sif Muna
Trog
Uskayaw
Vehumet
Yredelemnul
Zin
The Shining One

Shops:
D:2 ([?   D:8 [


Innate Abilities, Weirdness & Mutations

You have a pair of horns on your head.
You reflexively headbutt those who attack you in melee.


Message History

Something feeds on your intellect!
You slash the neqoxec!
The neqoxec is heavily wounded.
The neqoxec hits you but does no damage.
You slash the neqoxec!
The neqoxec is almost dead.
You block the neqoxec's attack.
You closely miss the neqoxec. Your headbutt misses the neqoxec.
The neqoxec is almost dead.
You slash the neqoxec!
You kill the neqoxec!
Unknown command.
Okay, then.
You barely miss the tentacled starspawn.
The tentacled starspawn completely misses you.
You furiously retaliate!
You headbutt the tentacled starspawn.
The tentacled starspawn closely misses you.
You slash the tentacled starspawn!
Your headbutt misses the tentacled starspawn.
The tentacled starspawn is lightly damaged.
The tentacled starspawn bites you!!
The tentacled starspawn barely misses you.
You hit the tentacled starspawn but do no damage.
The tentacled starspawn is lightly damaged.
The tentacled starspawn bites you.
The tentacled starspawn tentacle-slaps you!
You feel very mighty all of a sudden. The tentacled starspawn bites you.
The tentacled starspawn tentacle-slaps you!
* * * LOW HITPOINT WARNING * * *
You slash the tentacled starspawn! You headbutt the tentacled starspawn.
The tentacled starspawn is moderately damaged.
Unknown command.
You feel much better. The tentacled starspawn bites you!!
* * * LOW HITPOINT WARNING * * *
You block the tentacled starspawn's attack.
You hit the tentacled starspawn.
The tentacled starspawn is moderately damaged.
The tentacled starspawn bites you!!
You die...

### #.
#@## ... .
##X# ## .#
..
#.5##...#
. ###. # #
#.#. ...#
##.......
.#.##...#
#......#.#
....##
##.#..


You could see a tentacled starspawn and an ufetubus.

Vanquished Creatures
  The ghost of Lexodia the Missionary, a novice HOCj of Beogh (D:7)
  A wolf spider zombie (D:7)
  An orc knight (Bailey)
  5 centaur zombies (D:7)
  A centaur skeleton (D:7)
  Maggie (D:6)
  2 hellwings (D:7)
  Prince Ribbit (D:7)
  4 yaks (D:8)
  A neqoxec (Abyss:1)
  4 orc warriors
  A sky beast (D:7)
  A black bear (D:7)
  3 centaurs
  5 kobold brigands (D:7)
  2 bullfrogs
  3 scorpions
  A hound (D:5)
  A jelly (D:6)
  4 orc priests
  2 iguanas
  11 orc wizards
  3 sleepcaps (D:6)
  5 adders
  7 gnolls
  7 shadow imps
  3 white imps
  2 ufetubi
  A worm (D:5)
  5 dart slugs
  46 orcs
  6 bats
  8 endoplasms
  2 giant cockroaches
  5 goblins
  6 hobgoblins
  14 jackals
  7 kobolds
  3 quokkas
  6 ball pythons
  A frilled lizard (D:3)
  3 rats
  A spectral goblin (D:2)
197 creatures vanquished.

Vanquished Creatures (collateral kills)
  4 orcs (Bailey)
4 creatures vanquished.

Vanquished Creatures (others)
  An orc wizard (D:8)
  A gnoll (Bailey)
  6 starspawn tentacles (Abyss:1)
8 creatures vanquished.

Grand Total: 209 creatures vanquished

Notes
Turn   | Place    | Note
-------+----------+-------------------------------------------
     0 | D:1      | Bnni the Minotaur Fighter began the quest for the Orb.
     0 | D:1      | Reached XP level 1. HP: 19/19 MP: 0/0
   252 | D:1      | Reached skill level 3 in Long Blades
   252 | D:1      | Reached XP level 2. HP: 27/27 MP: 1/1
   920 | D:2      | You fall into a shaft and drop 2 floors!
   977 | D:4      | Reached XP level 3. HP: 33/33 MP: 2/2
  1346 | D:3      | Reached skill level 4 in Long Blades
  1348 | D:3      | Reached XP level 4. HP: 28/40 MP: 3/3
  1519 | D:2      | Found Pel Oluq's Antique Armour Shop.
  1532 | D:2      | Found Qexukhl Cywn's Magic Scroll Boutique.
  1542 | D:2      | Bought a scroll of blinking for 97 gold pieces
  1542 | D:2      | Bought a scroll of identify for 26 gold pieces
  1628 | D:2      | Found a faded altar of an unknown god.
  1838 | D:2      | Found Kegularu's Antique Weapon Shoppe.
  2166 | D:3      | Reached XP level 5. HP: 47/47 MP: 4/4
  2193 | D:3      | Found a shimmering blue altar of Sif Muna.
  2219 | D:3      | Reached skill level 5 in Long Blades
  2291 | D:3      | Reached skill level 5 in Fighting
  2291 | D:3      | Reached skill level 5 in Shields
  2910 | D:5      | Entered Level 5 of the Dungeon
  3003 | D:5      | Noticed a centaur
  3011 | D:5      | Killed a centaur
  3012 | D:5      | Reached skill level 6 in Long Blades
  3012 | D:5      | Reached XP level 6. HP: 19/56 MP: 5/5
  3166 | D:5      | Found a staircase to the Ecumenical Temple.
  3189 | Temple   | Entered the Ecumenical Temple
  3198 | Temple   | Became a worshipper of Elyvilon the Healer
  3541 | D:5      | Reached skill level 7 in Long Blades
  3582 | D:5      | Reached XP level 7. HP: 62/62 MP: 6/6
  3847 | D:5      | Reached * piety under Elyvilon
  4259 | D:6      | Noticed Maggie
  4293 | D:6      | Killed Maggie
  4294 | D:6      | Reached skill level 8 in Long Blades
  4294 | D:6      | Reached skill level 1 in Invocations
  4850 | D:6      | Reached XP level 8. HP: 25/71 MP: 8/8
  5076 | D:7      | Noticed Prince Ribbit
  5103 | D:7      | Killed Prince Ribbit
  5104 | D:7      | Reached skill level 9 in Long Blades
  5173 | D:7      | Found a flagged portal.
  5218 | Bailey   | Entered a bailey
  5527 | Bailey   | Reached ** piety under Elyvilon
  5730 | Bailey   | Noticed an orc knight
  5792 | Bailey   | Killed an orc knight
  5793 | Bailey   | Reached skill level 10 in Long Blades
  6036 | D:7      | Noticed a hellwing
  6064 | D:7      | Killed a hellwing
  6065 | D:7      | Reached XP level 9. HP: 20/81 MP: 9/11
  6342 | D:7      | Reached skill level 11 in Long Blades
  6384 | D:7      | Reached skill level 5 in Invocations
  6457 | D:7      | Reached skill level 12 in Long Blades
  6626 | D:7      | Reached XP level 10. HP: 62/91 MP: 13/13
  6762 | D:7      | Reached skill level 13 in Long Blades
  7018 | D:7      | Found a runed translucent gate.
  7019 | D:7      | Found a runed translucent gate.
  7039 | D:7      | Found a runed translucent gate.
  7041 | D:7      | Noticed Lexodia's ghost (novice HOCj)
  7056 | D:7      | Found a basalt altar of Yredelemnul.
  7056 | D:7      | Found a burning altar of Makhleb.
  7057 | D:7      | Found an opulent altar of Gozag.
  7061 | D:7      | Reached skill level 10 in Fighting
  7076 | D:7      | Found a glowing golden altar of the Shining One.
  8163 | D:8      | Identified the +2 robe of Space {Rampage}
  8397 | D:8      | Found a glowing silver altar of Zin.
  8550 | D:8      | Reached skill level 14 in Long Blades
  8619 | D:8      | Reached *** piety under Elyvilon
  8712 | D:8      | Found Venera's Dragon-Slaying Spoils.
  8824 | D:7      | Killed Lexodia's ghost
  8859 | Abyss:1  | Cast into level 1 of the Abyss (kobold brigand)
  8932 | Abyss:1  | Noticed an eye of devastation
  8988 | Abyss:1  | Noticed a large abomination
  9044 | Abyss:1  | Noticed a tentacled starspawn
  9109 | Abyss:1  | Mangled by a tentacled starspawn

Illustrated notes

Levels and vault maps discovered:
D:1:      dpeg_arrival_simpleton_b, layout_basic
D:2:      layout_loops_ring, dreamdust_ecumenical_altar_drowned_temple,
          serial_shops, shop, nicolae_shop_rolling_square, shop_scrolls,
          minmay_misc_feat_five
D:3:      layout_rooms, lemuel_crystal_altar
D:4:      layout_basic, chequers_serial_rivers_small_b
D:5:      layout_loops_corners, minmay_temple_entry_mist
D:6:      layout_rooms, hellmonk_no_cap, uniq_maggie
D:7:      cheibrodos_grave_circle, layout_basic,
          nicolae_overflow_quartered_altars, gammafunk_ghost_nasty_kobolds,
          enter_bailey_4, uniq_prince_ribbit1
D:8:      layout_loops_cross, zin_treasury, nicolae_shop_dragon_depot
Temple:   eino_temple_lava
Abyss:1:  base: Temple, lemuel_flamethrower_2

Skill      XL: |  1  2  3  4  5  6  7  8  9 10 |
---------------+-------------------------------+-----
Long Blades    | 3 4 6 7 8 10 12 14 | 14.4
Fighting       | 4 5 6 8 9 10 | 10.9
Shields        | 4 5 |  5.0
Invocations    | 2 4 5 7 |  7.4
Armour         | |  3.6

Action                     |  1- 3 |  4- 6 |  7- 9 | 10-12 || total
---------------------------+-------+-------+-------+-------++-------
  Melee: Long sword        |    47 |       |   103 |   207 ||   357
         Headbutt          |    11 |    37 |    63 |    70 ||   181
         Dagger            |    30 |   161 |   190 |    97 ||   478
  Throw: Dart              |       |       |     1 |       ||     1
 Invoke: Heal Other        |       |       |       |     1 ||     1
  Evoke: Wand              |       |       |     7 |       ||     7
    Use: Potion            |     1 |       |     4 |     2 ||     7
         Scroll            |       |     4 |     1 |     4 ||     9
 Armour: Scale mail        |     5 |       |       |       ||     5
         Chain mail        |    19 |    62 |    17 |       ||    98
         Swamp dragon scal |       |       |    56 |    88 ||   144
         Skin              |       |       |    83 |       ||    83
  Dodge: Dodged            |    31 |    36 |    84 |    78 ||   229
  Block: Buckler           |    17 |    46 |   174 |   131 ||   368
         Reflection        |       |       |     2 |     4 ||     6

Table legend: (Time is in decaauts)
 A = Elapsed time spent in this place.
 B = Non-inter-level travel time spent in this place.
 C = Inter-level travel time spent in this place.
 D = Time resting spent in this place.
 E = Time spent auto-exploring this place.
 F = Levels seen in this place.
 G = Mean time per level.
                   A        B        C        D        E       F      G
               +--------+--------+--------+--------+--------+-----+--------+
         Total |   8980 |   8625 |    355 |   1725 |   4899 |  11 |  816.4 |
       Dungeon |   7941 |   7594 |    347 |   1226 |   4869 |   8 |  992.6 |
        Temple |     18 |     10 |      8 |      0 |      0 |   1 |   18.0 |
         Abyss |    246 |    246 |      0 |     40 |      0 |   1 |  246.0 |
        Bailey |    774 |    774 |      0 |    459 |     30 |   1 |  774.0 |
               +--------+--------+--------+--------+--------+-----+--------+

Top non-repeatable levels by time:
     D:7: 1661 daAuts
     D:8: 1237 daAuts
     D:5: 1129 daAuts
     D:6: 995 daAuts
     D:1: 933 daAuts
  Bailey: 774 daAuts
     D:3: 686 daAuts
     D:4: 666 daAuts
     D:2: 630 daAuts
 Abyss:1: 246 daAuts
  Temple: 18 daAuts
